 Dungeon Crawl Stone Soup version 0.27-a0-773-gaaee5cf45b (webtiles) character file.

Game seed: 11695281970272432358

1269 Grognak the Skirmisher (level 8, -2/88 HPs)
             Began as an Ogre Chaos Knight on Mar 26, 2021.
             Was a Plaything of Xom.
             Slain by Pikel
             ... wielding a +1 whip of freezing
              (7 damage)
             ... on level 5 of the Dungeon.
             The game lasted 00:08:04 (5759 turns).

Grognak the Skirmisher (Ogre Chaos Knight)          Turns: 5759, Time: 00:08:05

Health: -2/88      AC:  6    Str: 15    XL:     8   Next: 53%
Magic:  8/8        EV: 10    Int: 13    God:    Xom [.*....]
Gold:   214        SH:  0    Dex:  8    Spells: 7/7 levels left

rFire    + . .     SeeInvis .   i - +3 quarterstaff (chaos)
rCold    x . .     Faith    .   (shield currently unavailable)
rNeg     . . .     Spirit   .   b - +2 robe
rPois    .         Reflect  .   (helmet restricted)
rElec    .         Harm     .   j - +0 cloak
rCorr    .         Rampage  .   (gloves unavailable)
Will     ++...                  (boots unavailable)
Stlth    +.........             (no amulet)
HPRegen  0.24/turn              f - ring of willpower
MPRegen  0.11/turn              e - ring of fire

@: no status effects
A: large, unfitting armour, tough skin 1, hooves 1, clumsy 1, deterioration 1,
strong-willed 1, weak 1
a: Renounce Religion


You were on level 5 of the Dungeon.
You worshipped Xom.
You were a plaything of Xom.
You visited 1 branch of the dungeon, and saw 5 of its levels.

You collected 214 gold pieces.

Inventory:

Hand Weapons
 a - a +0 spear of chaos
 c - a +0 vorpal scythe
 i - a +3 quarterstaff of chaos (weapon)
Armour
 b - a +2 robe (worn)
 d - a +1 robe
 j - a +0 cloak (worn)
Jewellery
 e - a ring of fire (left hand)
 f - a ring of willpower (right hand)
Wands
 k - a wand of mindburst (15)
Scrolls
 g - a scroll of teleportation
Potions
 h - 3 potions of haste
 l - a potion of magic {unknown}
 m - a potion of lignification


   Skills:
 * Level 7.9 Fighting
 + Level 5.3(6.1) Polearms
 * Level 4.3(5.6) Staves
 * Level 5.1 Dodging
 + Level 1.7 Stealth


You had 7 spell levels left.
You didn't know any spells.
Your spell library contained the following spells:

 Spells                   Type           Power      Damage    Failure   Level
 Corpse Rot               Necr/Air       N/A        N/A       43%         2
 Sublimation of Blood     Necr           0%         N/A       43%         2
 Dispel Undead            Necr           0%         3d6       97%         4
 Agony                    Necr           0%         N/A       100%        5
 Excruciating Wounds      Necr           0%         N/A       100%        5


Dungeon Overview and Level Annotations

Branches:
Dungeon (5/15)
 Temple: D:4-7

Altars:
Cheibriados
Hepliaklqana
Makhleb
Qazlal
Sif Muna
Trog
Wu Jian

Annotations:
D:5 Pikel


Innate Abilities, Weirdness & Mutations

You are too large for most types of armour.
You have tough skin. (AC +1)
You have large cloven feet.
You are clumsy. (Dex -2)
Your body sometimes deteriorates upon taking damage.
You are strong-willed. (Will+)
You are weak. (Str -2)


Message History

Pikel hits you with a +1 whip of freezing.
Pikel freezes you.
You barely miss Pikel. You kick Pikel, but do no damage.
A lemure comes into view.
Pikel closely misses you.
The lemure shouts!
The lemure hits you. Pikel closely misses you.
You barely miss Pikel.
A lemure comes into view.
The lemure hits you.
Pikel hits you with a +1 whip of freezing.
Pikel freezes you.
The lemure shouts!
You sock Pikel!
Pikel is lightly wounded.
The lemure hits you. Pikel closely misses you.
You miss Pikel.
Pikel is lightly wounded.
Pikel hits you but does no damage.
You hit Pikel but do no damage.
Pikel seems to grow stronger.
Pikel is lightly wounded.
The lemure barely misses you. Pikel closely misses you.
You closely miss Pikel.
Pikel is lightly wounded.
The lemure barely misses you. x2; The lemure hits you!
Pikel hits you with a +1 whip of freezing!!
* * * LOW HITPOINT WARNING * * *
You emit a cloud of colourful smoke!
Pikel freezes you!
* * * LOW HITPOINT WARNING * * *
The lemure hits you.
* * * LOW HITPOINT WARNING * * *
You hit Pikel.
Pikel is poisoned.
Pikel is moderately wounded.
The lemure closely misses you. The lemure barely misses you.
Pikel hits you with a +1 whip of freezing!
* * * LOW HITPOINT WARNING * * *
Pikel freezes you!
You die...
Xom bursts into laughter!

.....# #......#..
.....#####........# #. #.
.....#.##....#..#.##..#.#
...........###...........
...........## ......#....
....#.......###..........
..#.#........#........# .
##...........5##....#..
#............5@§.......
#.............5K§.#...[..
.............5....#........
##..................#....[#
##................##....#
....###............##.##.
... #...........(#.....
#....>.............
.......o.Z......#


You could see Pikel (strong, very poisoned) and 4 lemures.

Vanquished Creatures
  Sigmund (D:2)
  A shadow (D:4)
  Menkaure (D:5)
  A centaur (shapeshifter) (D:2)
  A centaur (D:4)
  A water moccasin zombie (D:5)
  2 scorpions (D:5)
  A howler monkey (D:4)
  A hound (D:4)
  A bullfrog skeleton (D:5)
  A gnoll shaman (D:4)
  Crazy Yiuf (D:3)
  Terence (D:2)
  Jessica (D:3)
  2 iguanas
  An orc wizard (D:4)
  A hound skeleton (D:4)
  7 adders
  5 gnolls (D:4)
  An adder skeleton (D:3)
  A worm (D:3)
  A dart slug (D:1)
  4 orcs (D:4)
  3 bats
  8 endoplasms
  3 giant cockroaches
  6 goblins
  7 hobgoblins
  8 jackals
  9 kobolds
  3 quokkas
  4 ball pythons
  3 frilled lizards
  3 rats (D:1)
95 creatures vanquished.

Vanquished Creatures (others)
  15 plants
15 creatures vanquished.

Grand Total: 110 creatures vanquished

Notes
Turn   | Place    | Note
-------+----------+-------------------------------------------
     0 | D:1      | Grognak the Ogre Chaos Knight began the quest for the Orb.
     0 | D:1      | Reached XP level 1. HP: 24/24 MP: 1/1
    11 | D:1      | Noticed a bullfrog
    20 | D:1      | XOM: divination: magic mapping
   225 | D:1      | Reached XP level 2. HP: 29/32 MP: 2/2
   644 | D:1      | Reached XP level 3. HP: 38/40 MP: 3/3
   793 | D:1      | XOM: noise
   903 | D:1      | XOM: silly message
   996 | D:1      | XOM: silly message
  1138 | D:2      | XOM: noise
  1169 | D:2      | Noticed Terence
  1185 | D:2      | Killed Terence
  1186 | D:2      | Reached skill level 5 in Fighting
  1186 | D:2      | Reached XP level 4. HP: 17/50 MP: 4/4
  1271 | D:2      | XOM: silly message
  1544 | D:2      | XOM: silly message
  1582 | D:2      | XOM: silly message
  1609 | D:2      | Noticed a shapeshifter
  1609 | D:2      | a jackal changed into a shapeshifter
  1609 | D:2      | XOM: noise
  1609 | D:2      | Noticed a water moccasin
  1609 | D:2      | a shapeshifter changed into a water moccasin
  1615 | D:2      | Noticed a centaur
  1615 | D:2      | a water moccasin changed into a centaur
  1623 | D:2      | Killed a centaur
  1624 | D:2      | Reached XP level 5. HP: 18/57 MP: 5/5
  1693 | D:2      | XOM: stat loss: -1 Int (12/13)
  1882 | D:2      | Found a snail-covered altar of Cheibriados.
  1889 | D:2      | XOM: draining
  1897 | D:2      | XOM: give mutations
  1897 | D:2      | Gained mutation: You occasionally shout uncontrollably at
                  | your foes. [Xom's mischief]
  1897 | D:2      | Gained mutation: Your body sometimes deteriorates upon
                  | taking damage. [Xom's mischief]
  1897 | D:2      | Gained mutation: You are dopey. (Int -2) [Xom's mischief]
  1992 | D:2      | Noticed Sigmund
  2011 | D:2      | Killed Sigmund
  2012 | D:2      | Reached skill level 6 in Fighting
  2012 | D:2      | Reached skill level 1 in Stealth
  2012 | D:2      | Reached XP level 6. HP: 53/67 MP: 6/6
  2393 | D:2      | XOM: summons 4 hostile demons
  2571 | D:2      | Found an ornate altar of the Wu Jian Council.
  2655 | D:2      | XOM: give mutations
  2655 | D:2      | Lost mutation: You occasionally shout uncontrollably at
                  | your foes. [Xom's mischief]
  2655 | D:2      | Gained mutation: You have large cloven feet. [Xom's
                  | mischief]
  2655 | D:2      | Gained mutation: You are clumsy. (Dex -2) [Xom's mischief]
  2655 | D:2      | Lost mutation: You are dopey. (Int -2) [Xom's mischief]
  2860 | D:2      | XOM: noise
  2904 | D:3      | XOM: cloud trail
  2926 | D:3      | Found a burning altar of Makhleb.
  2951 | D:3      | Found a stormy altar of Qazlal.
  3046 | D:3      | Noticed Jessica
  3050 | D:3      | Killed Jessica
  3051 | D:3      | Reached skill level 5 in Polearms
  3081 | D:3      | Found a bloodstained altar of Trog.
  3215 | D:3      | XOM: 2-stop teleportation journey
  3369 | D:3      | XOM: summons 1 hostile demon
  3389 | D:3      | XOM: give mutations
  3389 | D:3      | Gained mutation: You are weak. (Str -2) [Xom's mischief]
  3389 | D:3      | Gained mutation: You are strong-willed. (Will+) [Xom's
                  | mischief]
  3474 | D:3      | XOM: god gift: paperback book {god gift}
  3808 | D:3      | Found a runed translucent door.
  3809 | D:3      | Noticed Crazy Yiuf
  3814 | D:3      | Killed Crazy Yiuf
  3815 | D:3      | Reached XP level 7. HP: 65/74 MP: 7/7
  3981 | D:4      | XOM: scenery: summon butterflies
  4028 | D:4      | Noticed a shadow
  4038 | D:4      | Found a hazy altar of Hepliaklqana.
  4359 | D:4      | Reached skill level 1 in Staves
  4406 | D:4      | XOM: divination: detect creatures
  4474 | D:4      | XOM: noise
  4523 | D:4      | XOM: 8-stop teleportation journey
  4556 | D:4      | XOM: potion effect (berserk rage)
  4561 | D:4      | Killed a shadow
  4562 | D:4      | Reached XP level 8. HP: 64/84 MP: 8/8
  4866 | D:4      | Reached skill level 7 in Fighting
  5182 | D:5      | Entered Level 5 of the Dungeon
  5191 | D:5      | Noticed Menkaure
  5195 | D:5      | XOM: smoke on damage
  5196 | D:5      | Killed Menkaure
  5513 | D:5      | Found a shimmering blue altar of Sif Muna.
  5612 | D:5      | Reached skill level 5 in Dodging
  5745 | D:5      | Noticed Pikel
  5758 | D:5      | XOM: smoke on damage
  5759 | D:5      | Slain by Pikel

Illustrated notes

Levels and vault maps discovered:
D:1:      evilmike_arrival_come_back, layout_basic, lexackson_kobold_supper
D:2:      layout_basic, nicolae_wu_jian_wuxing_cycle, cheibriados_altar_1,
          uniq_sigmund, uniq_terence
D:3:      layout_basic, overflow_temple_1_default, grunt_qazlal_sundering,
          old_standard_altar, uniq_jessica, uniq_crazy_yiuf_cottage
D:4:      layout_rooms, nicolae_overflow_crystal_walls
D:5:      layout_cave_pools, lemuel_crystal_altar, lemuel_crystal_altar,
          serial_bayou_pond_b, uniq_menkaure, uniq_pikel

Skill      XL: |  1  2  3  4  5  6  7  8 |
---------------+-------------------------+-----
Fighting       | 5 6 7 |  7.9
Polearms       | 4 5 |  5.3
Dodging        | 3 4 5 |  5.1
Stealth        | 1 |  1.7
Staves         | 3 4 |  4.3

Action                   |  1- 3 |  4- 6 |  7- 9 || total
-------------------------+-------+-------+-------++-------
Melee: Spear             |   107 |   163 |       ||   270
       Kick              |       |     5 |    25 ||    30
       Quarterstaff      |       |       |   113 ||   113
  Use: Potion            |     1 |     3 |     1 ||     5
       Scroll            |     1 |     4 |     1 ||     6
 Stab: Paralysed         |       |     3 |     1 ||     4
       Sleeping          |       |     2 |       ||     2
       Petrifying        |       |     1 |       ||     1
Armor: Robe              |    36 |    66 |    40 ||   142
       Skin              |       |    27 |       ||    27
Dodge: Dodged            |    43 |   101 |    64 ||   208

Table legend: (Time is in decaauts)
 A = Elapsed time spent in this place.
 B = Non-inter-level travel time spent in this place.
 C = Inter-level travel time spent in this place.
 D = Time resting spent in this place.
 E = Time spent auto-exploring this place.
 F = Levels seen in this place.
 G = Mean time per level.
                   A        B        C        D        E       F      G
               +--------+--------+--------+--------+--------+-----+--------+
         Total |   5765 |   5661 |    104 |   1590 |   3143 |   5 | 1153.0 |
       Dungeon |   5765 |   5661 |    104 |   1590 |   3143 |   5 | 1153.0 |
               +--------+--------+--------+--------+--------+-----+--------+

Top non-repeatable levels by time:
     D:2: 1760 daAuts
     D:4: 1582 daAuts
     D:1: 1130 daAuts
     D:3: 1021 daAuts
     D:5: 270 daAuts
